AoeStats
← DaegonMagno

Glade

510717077Analyzed
1v1 RM · 19h ago on Oct 2, 2026· 46m 40s· 2 players
Game mode
Random Map
Map size
Tiny (2 player)
Population
200
Speed
Normal
Resources
Standard
Victory
Conquest
Starting age
Dark Age
Ending age
Imperial Age
RankedLock teamsTeams togetherTeam positionsShared explorationLock speedFull tech treeHidden civsTurbo modeCheats
Victory
Defeat
🇨🇴 Slavs · Colombia
756
+14
🇮🇳 Burmese · India
708
-30
s
10:36 Loom
13:05 Feudal Age
18:20 Wheelbarrow
18:20 Horse Collar
24:23 Castle Age
26:16 Crossbowman
DaegonMagno
12:59 Feudal Age
13:44 Double-Bit Axe
13:42 Horse Collar
17:39 Wheelbarrow
19:14 Scale Barding Armor
20:55 Stone Mining
21:51 Gold Mining
22:14 Forging
23:07 Scale Mail Armor
23:18 Loom
24:05 Padded Archer Armor
25:19 Fletching
27:33 Castle Age
27:02 Bloodlines
27:36 Pikeman
28:41 Chain Barding Armor
29:10 Bow Saw
30:47 Husbandry
30:52 Heavy Plow
31:32 Iron Casting
31:50 Hand Cart
36:43 Detinets
36:23 Elite Skirmisher
37:28 Town Watch
38:21 Squires
38:38 Chain Mail Armor
38:19 Bodkin Arrow
39:56 Murder Holes
Connection lost

Rejoining the realm…

Still unreachable

The connection could not be restored.

Session expired

The server has moved on; the page needs a fresh start.